 Dungeon Sprint DCSS version 0.21.1-1-g345015f (webtiles) character file.

632 Fang the Fighter (level 7, -5/54 HPs)
             Began as a Gargoyle Berserker on May 21, 2018.
             Was a Follower of Trog.
             Slain by a deep elf archer
             ... wielding a +0 short sword
              (8 damage)
             ... in the Dungeon (Sprint V: "Ziggurat Sprint").
             The game lasted 00:00:38 (94 turns).

Fang the Fighter (Gargoyle Berserker)                 Turns: 94, Time: 00:00:38

Health: -5/54      AC: 22    Str: 29    XL:     7   Next: 49%
Magic:  7/7        EV: 10    Int:  7    God:    Trog [*.....]
Gold:   0          SH:  0    Dex:  9    Spells: 6/6 levels left

rFire    . . .     SeeInvis .   l - +5 demon trident
rCold    . . .     Gourm    .   (no shield)
rNeg     + . .     Faith    .   j - +5 shadow dragon scales
rPois    ∞         Spirit   .   (no helmet)
rElec    +         Reflect  .   (no cloak)
rCorr    .         Harm     .   (no gloves)
MR       .....     NoTele   +   (no boots)
Stlth    ++........             (no amulet)
HPRegen  0.18/turn              G - ring of flight
MPRegen  0.10/turn              F - +6 ring of strength

@: berserk cooldown, slowed, very slow
A: negative energy resistance 1, electricity resistance, unbreathing,
petrification resistance, rot immunity, AC +4
a: Berserk, Burn Spellbooks, Renounce Religion, Evoke Flight


You were in the Dungeon.
You worshipped Trog.
Trog was aware of your devotion.
You were not hungry.

You visited 1 branch

Inventory:

Hand Weapons
 k - a +5 executioner's axe
 l - a +5 demon trident (weapon)
Armour
 j - +5 shadow dragon scales (worn)
Jewellery
 F - a +6 ring of strength (right hand)
 G - a ring of flight (left hand)
Wands
 x - a wand of disintegration (7)
 y - a wand of iceblast (7)
 z - a wand of acid (7)
Scrolls
 i - 4 scrolls of blinking
 m - 7 scrolls of fog
 n - a scroll of holy word
 o - 5 scrolls of identify
 p - 5 scrolls of remove curse
 q - 2 scrolls of fear
Potions
 d - 10 potions of curing
 e - 10 potions of heal wounds
 f - 6 potions of haste
 g - 7 potions of magic
 h - 3 potions of berserk rage
 r - 2 potions of brilliance
 s - 2 potions of invisibility
 t - 4 potions of resistance
 u - a potion of experience
 v - 5 potions of agility
 w - 5 potions of might
Comestibles
 c - 7 rations


   Skills:
 + Level 11.2 Fighting
 + Level 9.3 Axes
 + Level 1.6(6.0) Polearms
 + Level 5.8 Armour
 + Level 4.6 Dodging


You had 6 spell levels left.
You didn't know any spells.

Dungeon Overview and Level Annotations

Branches:
Dungeon (1/1)

Altars:
Ashenzari
Cheibriados
Dithmenos
Elyvilon
Fedhas
Gozag
Hepliaklqana
Kikubaaqudgha
Makhleb
Nemelex Xobeh
Okawaru
Qazlal
Ru
Sif Muna
Trog
Uskayaw
Vehumet
Wu Jian
Xom
Yredelemnul
Zin
The Shining One
Beogh
Jiyva
Lugonu

Annotations:
D 1 transporter


Innate Abilities, Weirdness & Mutations

You are resistant to torment.
Your stone body is resilient. (AC +4)
You are immune to poison.
You resist negative energy. (rN+)
You are resistant to electric shocks. (rElec)
You can survive without breathing.
You are immune to petrification.
You are immune to rotting.


Message History

You see here a +5 quarterstaff of distortion.
Attack whom?
Press: ? - help, Dir - move target cursor, f - deep elf archer
Aim: a deep elf archer, wielding a shortbow and wearing a leather armour (repelling missiles)
You hit the deep elf archer but do no damage.
The deep elf archer unwields an uncursed shortbow.
The deep elf archer wields an uncursed short sword.
The deep elf archer hits you with an uncursed short sword.
* * * LOW HITPOINT WARNING * * *
The deep elf archer hits you but does no damage.
You completely miss the deep elf archer.
The deep elf archer points at you and mumbles some strange words.
You feel as though you will be slow longer.
The deep elf archer blinks!
You miss the deep elf archer.
The deep elf archer blinks!
The deep elf archer misses you.
The deep elf archer hits you with an uncursed short sword.
* * * LOW HITPOINT WARNING * * *
The deep elf archer hits you with an uncursed short sword!
You die...

▓▓▓▓▓▓▓
▓.8©8.▓
▓(e@..▓
▓.).|.▓
▓.....▓
▓..)..▓
▓..©..▓
▓▓▓▓▓▓▓


You could see a deep elf archer.

Vanquished Creatures
  A dancing weapon (D)
1 creature vanquished.

Notes
Turn   | Place    | Note
-------+----------+-------------------------------------------
     0 | D        | Found the +6 Majin-Bo {vamp, Archmagi MP+6 Int+6}
     0 | D        | Found the +7 great mace "Firestarter" {inner flame, rF++}
     0 | D        | Fang the Gargoyle Berserker began the quest for the Orb.
     0 | D        | Reached XP level 1. HP: 14/14 MP: 1/1
     3 | D        | Found a blossoming altar of Fedhas.
     4 | D        | Found a viscous altar of Jiyva.
     4 | D        | Found a hazy altar of Hepliaklqana.
     4 | D        | Found a transporter.
     4 | D        | Found an opulent altar of Gozag.
     4 | D        | Found an ancient bone altar of Kikubaaqudgha.
     4 | D        | Found a corrupted altar of Lugonu.
    10 | D        | Found a burning altar of Makhleb.
    11 | D        | Found a stormy altar of Qazlal.
    11 | D        | Found a sacrificial altar of Ru.
    11 | D        | Found an iron altar of Okawaru.
    11 | D        | Found a deep blue altar of Sif Muna.
    11 | D        | Found a sparkling altar of Nemelex Xobeh.
    11 | D        | Found a bloodstained altar of Trog.
    75 | D        | Entered arena 2.
    75 | D        | Noticed a deep elf archer
    75 | D        | Noticed a mace of holy wrath
    75 | D        | Found a transporter.
    79 | D        | Killed a mace of holy wrath
    79 | D        | Reached skill level 11 in Fighting
    79 | D        | Reached skill level 1 in Polearms
    79 | D        | Reached skill level 5 in Armour
    79 | D        | Reached XP level 2. HP: 20/29 MP: 2/2
    79 | D        | Reached XP level 3. HP: 24/34 MP: 3/3
    79 | D        | Reached XP level 4. HP: 28/40 MP: 4/4
    79 | D        | Reached XP level 5. HP: 31/44 MP: 5/5
    79 | D        | Reached XP level 6. HP: 35/49 MP: 6/6
    79 | D        | Reached XP level 7. HP: 39/54 MP: 7/7
    94 | D        | Slain by a deep elf archer

Skill      XL: |  1 |
---------------+----+-----
Fighting       | 11 | 11.2
Axes           | 9 |  9.3
Polearms       | 1 |  1.6
Armour         | 5 |  5.8
Dodging        | 4 |  4.6

Action                   |  1- 3 |  4- 6 |  7- 9 || total
-------------------------+-------+-------+-------++-------
Melee: Demon trident     |     3 |       |     3 ||     6
Invok: Berserk           |     1 |       |       ||     1
Armor: Shadow dragon sca |       |       |     2 ||     2
Dodge: Dodged            |     2 |       |     2 ||     4
